 Dungeon Crawl Stone Soup version 0.30-a0-269-gf0224bf7b6 (webtiles) character file.

Game seed: 8102084831570107682

297 glaedl the Purveyor of Pain (level 6, -2/41 HPs)
             Began as a Demonspawn Necromancer on Oct 15, 2022.
             Was an Initiate of Kikubaaqudgha.
             Slain by a phantom (5 damage)
             ... on level 5 of the Dungeon.
             The game lasted 00:09:44 (4407 turns).

glaedl the Purveyor of Pain (DsNe)                  Turns: 4407, Time: 00:09:44

Health: -2/41      AC:  2    Str:  8    XL:     6   Next: 12%
Magic:  10/10      EV: 12    Int: 18    God:    Kikubaaqudgha [......]
Gold:   186        SH:  0    Dex: 14    Spells: 10/11 levels left

rFire   + . .      SeeInvis .    o - staff of fire
rCold   . . .      Faith    .    (no shield)
rNeg    . . .      Spirit   .    a - +0 robe
rPois   .          Reflect  .    (no helmet)
rElec   .          Harm     .    (no cloak)
rCorr   .          Rampage  .    (no gloves)
Will    .....                    (no boots)
Stlth   ++........               t - amulet of magic regeneration
HPRegen 0.26/turn                (no ring)
MPRegen 0.52/turn                (no ring)

@: brilliant, weak-willed, flying
A: foul stench 1
a: Renounce Religion


You were on level 5 of the Dungeon.
You worshipped Kikubaaqudgha.
Kikubaaqudgha was noncommittal.
You visited 1 branch of the dungeon, and saw 5 of its levels.

You collected 186 gold pieces.

Inventory:

Armour
 a - a +0 robe (worn)
Magical Staves
 o - a staff of fire (weapon)
Jewellery
 e - a ring of fire
 l - a ring of resist corrosion
 q - a ring of protection from fire
 t - an amulet of magic regeneration (around neck)
Scrolls
 h - a scroll of enchant armour {unknown}
 i - a scroll of brand weapon {unknown}
 m - a scroll of amnesia {unknown}
 p - 6 scrolls of identify {unknown}
 r - a scroll of teleportation {unknown}
Potions
 b - a potion of magic
 f - a potion of brilliance
 k - a potion of attraction {unknown}
 n - 2 potions of lignification {unknown}
 s - a potion of degeneration {unknown}


   Skills:
 - Level 1.8 Dodging
 + Level 3.2 Stealth
 + Level 3.2 Spellcasting
 * Level 6.2 Necromancy
 - Level 1.4 Transmutations
 + Level 1.4 Invocations


You had 10 spell levels left.
You knew the following spells:

 Your Spells              Type           Power      Damage    Failure   Level
a - Necrotise             Necr           100%       1d9       1%          1

Your spell library contained the following spells:

 Spells                   Type           Power      Damage    Failure   Level
 Vampiric Draining        Necr           38%        2d8       3%          3
 Cigotuvi's Dreadful Rot  Necr/Pois/Air  30%        N/A       11%         2
 Animate Dead             Necr           38%        N/A       12%         4
 Poisonous Vapours        Pois/Air       8%         N/A       24%         2
 Agony                    Necr           38%        N/A       34%         5
 Mephitic Cloud           Conj/Pois/Air  4%         N/A       43%         3
 Cause Fear               Hex            2%         N/A       85%         4
 Dragon Form              Tmut           6%         N/A       100%        7
 Dragon's Call            Summ           2%         N/A       100%        9


Dungeon Overview and Level Annotations

Branches:
Dungeon (5/15)
 Temple: D:4-7

Altars:
Kikubaaqudgha
Vehumet
Lugonu

Portals:
Abyss: D:3


Innate Abilities, Weirdness & Mutations

You may rarely emit foul miasma when damaged in melee.


Message History

The phantom hits you but does no damage.
The phantom misses you. The phantom hits you.
The phantom attacks as you move away! The phantom hits you!
* * * LOW HITPOINT WARNING * * *
The phantom attacks as you move away! The phantom hits you.
* * * LOW HITPOINT WARNING * * *
The phantom attacks as you move away!
The phantom hits you but does no damage.
There is a stone staircase leading down here.
The phantom misses you.
You climb downwards.
Found a fuming ruby potion.
There is a stone staircase leading up here.
As you read the scroll labelled UHUPNO VIUPA, it crumbles to dust.
Magic quickly surges around you.
It was a scroll of vulnerability.
The phantom hits you but does no damage.
As you read the scroll labelled TAVINE URGHANUX, it crumbles to dust.
It is a scroll of enchant weapon.
You aren't carrying any weapons that can be enchanted.
The phantom completely misses you.
As you read the scroll labelled ORODONAJAO, it crumbles to dust.
You feel aware of your surroundings.
You sensed 2 altars.
It was a scroll of magic mapping.
The phantom barely misses you.
It was a potion of brilliance.
You feel clever all of a sudden. The phantom hits you.
* * * LOW HITPOINT WARNING * * *
The phantom blinks!
You blink.
This spell is dangerous to cast!
Memorise Vampiric Draining, consuming 3 spell levels and leaving 7?
The phantom barely misses you.
You start memorising the spell.
You continue memorising.
The phantom hits you.
Your memorisation is interrupted.
* * * LOW HITPOINT WARNING * * *
It was a potion of flight.
You feel very buoyant.
You fly up into the air.
The phantom hits you.
You die...
Kikubaaqudgha rasps: "You have failed me!
Welcome... death!"

###***************
#..,,,,,,,,,,,,,,,
#.###*###*********
#.#.##...,,,,* * ******
###.#....#****,* *** *****,,,,*
#..W...####***,* *,, *,,,*,,,,*
#..@.......,**,***,* *,,,*,,,,*
#...!..####,**,,,,,* *,,,*,,,,*
#...#<....#,******** *,,,*,,,,*
#.#.##.##.#,*
***,,,*,,,,**#.#..,.#*,#,******
*
,,,,,,,,,,,,,.....,..,,,,>,,,,*
*
***,,,******##,###*.##**,,***,*
* ******** *,* *.# *,,* *,* *
,,,,,,,*******,* *.# *,,***,***


You could see a phantom (weak-willed).

Vanquished Creatures
  An orc priest (D:3)
  Natasha (thrice) (D:2)
  4 gnolls
  7 adders
  4 dart slugs
  5 orcs (D:3)
  4 endoplasms
  3 giant cockroaches (D:1)
  5 goblins
  6 hobgoblins
  4 jackals
  5 kobolds
  3 quokkas
  5 ball pythons
  4 bats
  3 frilled lizards (D:1)
  4 rats
  A lurking horror (D:3)
71 creatures vanquished.

Vanquished Creatures (collateral kills)
  A gnoll (D:1)
  A worm (D:3)
  A jackal (D:2)
  2 frilled lizards
  A kobold (D:1)
6 creatures vanquished.

Vanquished Creatures (others)
  3 demonic plants (D:1)
3 creatures vanquished.

Grand Total: 80 creatures vanquished

Notes
Turn   | Place    | Note
-------+----------+-------------------------------------------
     0 | D:1      | glaedl the Demonspawn Necromancer began the quest for the
                  | Orb.
     0 | D:1      | Reached XP level 1. HP: 13/13 MP: 3/3
   241 | D:1      | Gained mutation: You may rarely emit foul miasma when
                  | damaged in melee. [demonic ancestry]
   241 | D:1      | Reached XP level 2. HP: 19/19 MP: 3/5
   468 | D:1      | Found a faded altar of an unknown god.
   585 | D:1      | Reached skill level 5 in Necromancy
   585 | D:1      | Reached XP level 3. HP: 19/24 MP: 1/6
  1461 | D:2      | Reached XP level 4. HP: 10/30 MP: 0/7
  1873 | D:2      | Noticed Natasha
  1878 | D:2      | Killed Natasha
  1879 | D:2      | Reached skill level 1 in Transmutations
  2110 | D:2      | Noticed Natasha
  2113 | D:2      | Killed Natasha
  2114 | D:2      | Reached XP level 5. HP: 25/35 MP: 5/9
  2377 | D:2      | Noticed Natasha
  2384 | D:2      | Killed Natasha
  2617 | D:3      | Found an ancient bone altar of Kikubaaqudgha.
  2636 | D:3      | Became a worshipper of Kikubaaqudgha
  2881 | D:3      | Found a one-way gate to the infinite horrors of the Abyss.
  2946 | D:3      | Found a corrupted altar of Lugonu.
  3197 | D:3      | Found a radiant altar of Vehumet.
  3241 | D:3      | Reached skill level 6 in Necromancy
  3263 | D:3      | HP: 1/35 [orc priest/divine providence (15)]
  3265 | D:3      | Reached skill level 1 in Invocations
  3681 | D:3      | Reached XP level 6. HP: 7/41 MP: 5/10
  4400 | D:5      | Entered Level 5 of the Dungeon
  4407 | D:5      | Slain by a phantom

Illustrated notes

Levels and vault maps discovered:
D:1:      minmay_arrival_arboretum_small, layout_basic,
          shapermc_ecumenical_altar_gd
D:2:      layout_loops_corners, uniq_natasha
D:3:      layout_basic, mainiacjoe_overflow_small_starburst,
          fiery_altar_vehumet, amcnicky_altar_lugonu_corruption
D:4:      layout_rooms, mainiacjoe_overflow_24_doors, lemuel_tele_altar,
          marbit_many_paths, kennysheep_mini, minmay_checkerbox, uniq_menkaure
D:5:      layout_basic, tgw_trog, nicolae_uskayaw_murder_on_the_dancefloor,
          minmay_fire_ice_demons

Skill      XL: |  1  2  3  4  5 |
---------------+----------------+-----
Stealth        | 2 3 |  3.2
Necromancy     | 5 6 |  6.2
Transmutations | 1 |  1.4
Spellcasting   | 3 |  3.2
Invocations    | 1 |  1.4
Dodging        | |  1.8

Action                   |  1- 3 |  4- 6 || total
-------------------------+-------+-------++-------
Melee: Unarmed           |    18 |       ||    18
       Staff             |       |    15 ||    15
       Punch             |       |     1 ||     1
 Cast: Necrotise         |    58 |   101 ||   159
  Use: Scroll            |       |     3 ||     3
       Potion            |       |     2 ||     2
Armor: Robe              |     1 |     5 ||     6
Dodge: Dodged            |    19 |    20 ||    39

Table legend: (Time is in decaauts)
 A = Elapsed time spent in this place.
 B = Non-inter-level travel time spent in this place.
 C = Inter-level travel time spent in this place.
 D = Time resting spent in this place.
 E = Time spent auto-exploring this place.
 F = Levels seen in this place.
 G = Mean time per level.
                   A        B        C        D        E       F      G
               +--------+--------+--------+--------+--------+-----+--------+
         Total |   4409 |   4239 |    170 |    300 |   3466 |   5 |  881.8 |
       Dungeon |   4409 |   4239 |    170 |    300 |   3466 |   5 |  881.8 |
               +--------+--------+--------+--------+--------+-----+--------+

Top non-repeatable levels by time:
     D:3: 1631 daAuts
     D:2: 1331 daAuts
     D:1: 1233 daAuts
     D:4: 206 daAuts
     D:5: 6 daAuts
